 Dungeon Crawl Stone Soup version 0.32-a0-551-g4936369 (webtiles) character file.

Game seed: 11752293616705424529

5021 DiveintoAbyss the Fighter (level 10, 0/99 HPs)
             Began as a Minotaur Fighter on Feb 29, 2024.
             Was a High Priest of Okawaru.
             Slain by a yak (3 damage)
             ... on level 8 of the Dungeon.
             The game lasted 00:14:40 (8627 turns).

DiveintoAbyss the Fighter (Minotaur Fighter)        Turns: 8627, Time: 00:14:41

Health: 0/99       AC: 18    Str: 25    XL:     10   Next: 30%
Magic:  13/13      EV:  8    Int:  5    God:    Okawaru [*****.]
Gold:   488        SH:  4    Dex: 10    Spells: 9/9 levels left

rFire   . . .        a - +4 war axe
rCold   . . .        c - +0 buckler
rNeg    . . .        p - +2 chain mail {rPois}
rPois   +            (helmet restricted)
rElec   .            (no cloak)
rCorr   +            F - +0 pair of gloves
SInv    .            (no boots)
Will    .....        (no amulet) Stlth
                     I - ring of resist corrosion
HPRegen 0.36/turn    q - +4 ring of protection
MPRegen 0.13/turn

%: no passive effects
@: no status effects
A: horns 2, retaliatory headbutt
a: Renounce Religion, Heroism, Finesse, Duel


You were on level 8 of the Dungeon.
You worshipped Okawaru.
Okawaru was extremely pleased with you.
You visited 1 branch of the dungeon, and saw 9 of its levels.
You also visited: Ossuary.

You collected 488 gold pieces.

Inventory:

Hand Weapons
 a - a +4 war axe (weapon)
 b - a +0 hand axe of flaming
 y - the +1 war axe "No More Talking" {freeze, ^Fragile rC++ rN+ rCorr}
   (You found it on level 8 of the Dungeon)

   rC++:      It greatly protects you from cold.
   rN+:       It protects you from negative energy.
   rCorr:     It protects you from acid and corrosion.
   ^Fragile:  It will be destroyed if unequipped.
 M - a +0 broad axe
Missiles
 d - 2 throwing nets (quivered)
 K - 2 curare-tipped darts
Armour
 c - a +0 buckler (worn)
 p - a +2 chain mail of poison resistance (worn)
 F - a +0 pair of gloves (worn)
 N - a +2 leather armour of fire resistance
 O - a +1 ring mail of willpower
Jewellery
 n - a ring of flight
 q - a +4 ring of protection (right hand)
 H - a ring of poison resistance
 I - a ring of resist corrosion (left hand)
 L - an amulet of guardian spirit
Wands
 G - a wand of warping (8)
 J - a wand of mindburst (15)
Scrolls
 e - 5 scrolls of teleportation
 g - a scroll of poison
 i - 2 scrolls of enchant armour
 j - a scroll of blinking {unknown}
 k - 2 scrolls of amnesia {unknown}
 o - a scroll of revelation {unknown}
 r - 2 scrolls of fear {unknown}
 s - 4 scrolls of summoning {unknown}
 z - a scroll of enchant weapon {unknown}
 A - a scroll of immolation
 B - 2 scrolls of noise {unknown}
 E - 2 scrolls of fog {unknown}
 P - a scroll of vulnerability {unknown}
Potions
 f - 2 potions of brilliance
 h - 4 potions of enlightenment
 l - 5 potions of curing
 m - 2 potions of attraction
 t - a potion of resistance
 u - a potion of heal wounds
 v - a potion of degeneration {unknown}
 w - 2 potions of magic
 x - a potion of haste {unknown}
 C - 2 potions of lignification {unknown}
 D - a potion of mutation {unknown}


   Skills:
 * Level 12.4 Fighting
 + Level 8.7 Axes
 + Level 9.0 Armour
 - Level 3.6 Shields
 - Level 6.0 Invocations


You had 9 spell levels left.
You didn't know any spells.
Your spell library contained the following spells:

 Spells                   Type           Power      Damage    Failure   Level
 Magic Dart               Conj           0%         1d3       95%         1
 Blink                    Tloc           0%         N/A       99%         2
 Mephitic Cloud           Conj/Alch/Air  0%         N/A       100%        3
 Leda's Liquefaction      Alch/Erth      0%         N/A       100%        4
 Call Imp                 Summ           Unusable   N/A       N/A         2
 Sculpt Simulacrum        Ice/Alch       Unusable   N/A       N/A         6

Dungeon Overview and Level Annotations

Branches:
Dungeon (9/15) Zot: 26854  Temple (0/1) D:4         Ossuary (visited)
   Lair: D:8-11         Orc: D:9-12

Altars:
Ashenzari
Okawaru
Qazlal
Yredelemnul

Annotations:
D:3 1 runed translucent door, tls9540's ghost, amateur OpMo
D:7 1 runed translucent door, NobodyHome's ghost, novice SpEn


Innate Abilities, Weirdness & Mutations

You have a pair of horns on your head.
You reflexively headbutt those who attack you in melee.


Message History

You climb upwards.
There is a stone staircase leading down, spattered with blood here.
You see here 3 boomerangs.
You take 22 HP, and have [55/99] HP !!!!!
HP Warning !!!!!
Unknown command.
Unknown command.
You hit the orc.
The orc is heavily wounded.
You closely miss the yak. You hit the yak. You barely miss the yak. x2
The yak gores you. The orc closely misses you. You furiously retaliate!
You headbutt the orc!
You kill the orc!
Okawaru accepts your kill. The yak gores you! The yak gores you.
You block the yak's attack.
You take 20 HP, and have [35/99] HP !!!!!
HP Warning !!!!!
Unknown command.
Unknown command.
Unknown command.
Okay, then.
You start putting on your amulet.
You continue putting on your amulet of guardian spirit.
The yak gores you. The yak gores you but does no damage.
The orc hits you but does no damage.
The yak gores you but does no damage. x2
You continue putting on your amulet of guardian spirit.
The yak gores you!
* * * LOW HITPOINT WARNING * * *
The yak closely misses you. You furiously retaliate!
You headbutt the yak. The orc hits you but does no damage.
You block the yak's attack. x2
You continue putting on your amulet of guardian spirit.
The yak gores you!
* * * LOW HITPOINT WARNING * * *
You block the yak's attack. You block the orc's attack. The yak gores you!
* * * LOW HITPOINT WARNING * * *
The yak gores you but does no damage.
You continue putting on your amulet of guardian spirit.
The yak closely misses you. You block the yak's attack.
The orc hits you but does no damage. The yak gores you.
You die...

#.#. ##########
#..# #........#
####.# #........#
#....# #.....#..#
#.#..# #.....#..#
##.##.#
#.......)###...#.#
#YY..#.#)))..#...#
#@Y..###.###.##...
#Yo...#...#...#.#.
#...#...#.#.#...#.
#...##.##.#.##.#..
##...#.#.....#.#.#
#.#.....#.#...#.#
##.##...##.##....#
#...#...#...#....#
#.#.......#...##.#


You could see 4 yaks and an orc.

Vanquished Creatures
  Pikel (D:6)
  Maurice (D:7)
  Grinder (D:4)
  A shadow (D:8)
  A yak (D:8)
  A steam dragon (D:8)
  3 water moccasins
  2 orc warriors
  An ice beast (D:7)
  2 sky beasts
  A black bear (D:6)
  An ogre (D:5)
  2 centaurs
  4 lemures (D:7)
  A phantom (D:5)
  3 kobold brigands
  A gnoll sergeant (D:8)
  3 bullfrogs
  5 wights
  8 killer bees (D:8)
  A bullfrog zombie (Ossuary)
  5 orc priests
  A bombardier beetle (D:5)
  6 hounds
  A scorpion zombie (D:5)
  Terence (D:3)
  5 iguanas
  6 orc wizards
  A killer bee zombie (Ossuary)
  3 crocodile zombies (Ossuary)
  6 hound zombies
  9 howler monkey zombies (Ossuary)
  7 mummies (Ossuary)
  4 adders
  4 gnolls (D:8)
  A howler monkey skeleton (D:5)
  3 shadow imps (D:7)
  A white imp (D:6)
  An adder zombie (D:5)
  3 adder skeletons (D:5)
  3 dart slugs
  A ribbon worm (D:3)
  21 orcs
  2 bats
  7 endoplasms
  3 giant cockroaches
  6 goblins
  6 hobgoblins
  6 jackals (D:1)
  A quokka (D:2)
  4 ball pythons
  2 ball python zombies (Ossuary)
  3 frilled lizards
  18 kobolds
  6 rats
201 creatures vanquished.

Notes
Turn   | Place    | Note
-------+----------+-------------------------------------------
     0 | D:1      | DiveintoAbyss the Minotaur Fighter began the quest for the
                  | Orb.
     0 | D:1      | Reached XP level 1. HP: 19/19 MP: 0/0
    77 | D:1      | Reached skill level 4 in Fighting
    88 | D:1      | Reached XP level 2. HP: 19/27 MP: 1/1
   435 | D:1      | Reached XP level 3. HP: 30/34 MP: 2/2
   760 | D:2      | Got the Monograph on Alchemy
  1184 | D:2      | Found an iron altar of Okawaru.
  1240 | D:2      | Became a worshipper of Warmaster Okawaru
  1765 | D:3      | Found a runed translucent door.
  1766 | D:3      | Noticed tls9540's ghost (amateur OpMo)
  1798 | D:3      | Noticed Terence
  1820 | D:3      | Reached skill level 5 in Fighting
  1820 | D:3      | Reached XP level 4. HP: 42/42 MP: 3/3
  1833 | D:3      | Killed Terence
  2315 | D:4      | Reached skill level 1 in Invocations
  2491 | D:4      | Reached XP level 5. HP: 38/48 MP: 3/5
  2549 | D:4      | Noticed Grinder
  2591 | D:4      | Noticed an orc warrior
  2911 | D:4      | Found a staircase to the Ecumenical Temple.
  2951 | D:4      | Killed Grinder
  2951 | D:4      | Reached * piety under Okawaru
  2952 | D:4      | Reached skill level 6 in Fighting
  2952 | D:4      | Reached XP level 6. HP: 44/57 MP: 5/7
  3038 | D:4      | Reached skill level 5 in Armour
  3106 | D:4      | Killed an orc warrior
  3106 | D:4      | Reached ** piety under Okawaru
  3107 | D:4      | Reached XP level 7. HP: 43/64 MP: 8/8
  3621 | D:5      | Entered Level 5 of the Dungeon
  3651 | D:5      | Found a basalt altar of Yredelemnul.
  3677 | D:5      | Reached skill level 7 in Fighting
  3851 | D:5      | Reached skill level 5 in Axes
  3873 | D:5      | Found a sand-covered staircase.
  3883 | Ossuary  | Entered an ossuary
  4020 | Ossuary  | Reached XP level 8. HP: 36/74 MP: 10/10
  4244 | Ossuary  | Reached *** piety under Okawaru
  4245 | Ossuary  | Reached skill level 8 in Fighting
  4249 | Ossuary  | Reached skill level 5 in Invocations
  4858 | D:5      | Found a broken altar of Ashenzari.
  5649 | D:6      | Reached skill level 9 in Fighting
  6055 | D:6      | Reached XP level 9. HP: 80/84 MP: 12/12
  6221 | D:7      | Reached **** piety under Okawaru
  6233 | D:7      | Reached skill level 10 in Fighting
  6333 | D:7      | Noticed Pikel
  6333 | D:7      | Noticed Maurice
  6508 | D:7      | Found a runed translucent door.
  6508 | D:7      | Noticed NobodyHome's ghost (novice SpEn)
  6509 | D:7      | Noticed a gargoyle
  6592 | D:6      | Killed Pikel
  6742 | D:7      | Killed Maurice
  6742 | D:7      | Reached ***** piety under Okawaru
  6743 | D:7      | Reached skill level 11 in Fighting
  6861 | D:7      | Found a stormy altar of Qazlal.
  7693 | D:8      | Reached XP level 10. HP: 56/97 MP: 13/13
  7930 | D:8      | Identified the +1 war axe "No More Talking" {freeze,
                  | ^Fragile rC++ rN+ rCorr}
  8089 | D:8      | Reached skill level 12 in Fighting
  8416 | D:8      | Found an iron altar of Okawaru.
  8497 | D:8      | Received a gift from Okawaru
  8626 | D:8      | HP: 3/99 [yak (7)]
  8627 | D:8      | Slain by a yak

Illustrated notes

Levels and vault maps discovered:
D:1:      minmay_arrival_stair_chambers, layout_basic
D:2:      layout_basic, basic_altar, grunt_ministairs_7, moated_statue
D:3:      layout_basic, gammafunk_ghost_grave, serial_bayou_lagoon_a,
          serial_park_tiny_1, chequers_arboretum, serial_bayou_lake_a,
          uniq_terence
D:4:      layout_basic, minmay_temple_entry_junction_2, guppyfry_early_orc_mine,
          uniq_grinder
D:5:      layout_basic, overflow_temple_1_default, mainiacjoe_overflow_chevrons,
          mainiacjoe_ossuary_entry_find_the_door
D:6:      layout_basic, kennysheep_generic_room_11
D:7:      layout_loops_ring, grunt_qazlal_clouds, ebering_ghost_inner_flame,
          minivault_24, grunt_decor_clamped, uniq_maurice, uniq_pikel
D:8:      layout_rooms, kennysheep_mini, nicolae_zig_zag_zippers
D:9:      layout_irregular_city, minmay_lair_entry_grove, uniq_amaemon

Skill      XL: |  1  2  3  4  5  6  7  8  9 10 |
---------------+-------------------------------+-----
Fighting       | 4 5 6 7 9 11 12 | 12.4
Armour         | 4 5 6 8 9 |  9.0
Axes           | 3 4 5 6 8 |  8.7
Invocations    | 1 2 3 4 6 |  6.0
Shields        | |  3.6

Action                     |  1- 3 |  4- 6 |  7- 9 | 10-12 || total
---------------------------+-------+-------+-------+-------++-------
  Melee: War axe           |    94 |       |       |    58 ||   152
         Headbutt          |     8 |    10 |    84 |    12 ||   114
         Dagger            |       |    22 |     6 |       ||    28
         Hand axe          |       |    40 |   454 |    15 ||   509
         Broad axe         |       |       |     6 |       ||     6
  Evoke: Wand              |       |       |     6 |       ||     6
    Use: Scroll            |       |     4 |     6 |     1 ||    11
         Potion            |       |     1 |       |       ||     1
 Armour: Scale mail        |    30 |       |       |       ||    30
         Chain mail        |    38 |    47 |   360 |   134 ||   579
  Dodge: Dodged            |    42 |    19 |   132 |    40 ||   233
  Block: Buckler           |    14 |     9 |    63 |    33 ||   119

Table legend: (Time is in decaauts)
 A = Elapsed time spent in this place.
 B = Non-inter-level travel time spent in this place.
 C = Inter-level travel time spent in this place.
 D = Time resting spent in this place.
 E = Time spent auto-exploring this place.
 F = Levels seen in this place.
 G = Mean time per level.
                   A        B        C        D        E       F      G
               +--------+--------+--------+--------+--------+-----+--------+
         Total |   8725 |   8314 |    411 |    492 |   6075 |  10 |  872.5 |
       Dungeon |   8181 |   7770 |    411 |    373 |   5880 |   9 |  909.0 |
       Ossuary |    544 |    544 |      0 |    119 |    195 |   1 |  544.0 |
               +--------+--------+--------+--------+--------+-----+--------+

Top non-repeatable levels by time:
     D:4: 1397 daAuts
     D:5: 1340 daAuts
     D:7: 1168 daAuts
     D:8: 1080 daAuts
     D:6: 901 daAuts
     D:3: 893 daAuts
     D:2: 698 daAuts
     D:1: 694 daAuts
 Ossuary: 544 daAuts
     D:9: 7 daAuts
